[Event "Early-Titled-Tuesday-Blitz-February-13-2024"]
[Site "Chess.com"]
[Date "2024.02.13"]
[Round "1"]
[White "ValiantCeleb"]
[Black "Lion-Al-Messi"]
[Result "0-1"]
[WhiteElo "2169"]
[BlackElo "2589"]
[TimeControl "180+1"]
[EndTime "8:12:11 PST"]
[Termination "Lion-Al-Messi won on time"]

1. e4 e6 2. d4 d5 3. Nc3 Nf6 4.
e5 Nfd7 5. f4 c5 6. Nf3 Nc6 7.
Be3 a6 8. Qd2 b5 9. dxc5 Bxc5 10. Bd3 Qb6 11. Bf2 O-O 12. O-O Bxf2+ 13. Qxf2 Qxf2+ 14. Kxf2 b4 15. Ne2 a5 16. Ned4 Nxd4 17. Nxd4 Ba6 18.
Ke3 Rfc8 19. Rac1 h6 20. g4 a4 21. h4 a3 22. b3 Rc3 23. Ne2 Rc7 24. Bxa6 Rxa6 25.
c3 bxc3 26. Rxc3 Rac6 27. Rfc1 Rxc3+ 28. Rxc3 Ra7 29. Nd4 g5 30. hxg5 hxg5 31. Nb5 gxf4+ 32. Kxf4 Ra8 33. Rc7 Nf8 34. Kg5 Kg7 35. Nd6 Nh7+ 36. Kf4 Rf8 37. Ra7 Kg6 38. Rxa3 Ng5 39. Ra7 Rh8 40. Ke3 Rh3+ 41. Ke2 Rg3 42. b4 Rxg4 43.
b5 Rg2+ 44. Ke3 Rb2 45. a4 Rb4 46. a5 d4+ 47. Kd3 Nf3 48. Nxf7 Rxb5 49. Nh8+ Kh5 50. a6 Rb4 51. Nf7 Rb3+ 52. Ke2 Re3+ 53. Kd1 Nxe5 54.
Nxe5 Rxe5 55. Rd7 Ra5 56. Rxd4 Rxa6 57. Ke2 Kg5 58. Rb4 Ra3 59. Rc4 Kf5 60. Rb4 Rh3 61. Rc4 Ke5 62. Rb4 Rh2+ 63. Ke3 Rh3+ 64. Ke2 Rc3 65.
Kd2 Ra3 66. Ke2 Ra2+ 67. Ke3 Ra5 68. Rh4 Ra3+ 69. Ke2 Ra2+ 70. Ke3 Ra3+ 71. Ke2 Kd5 72. Rg4 Ra2+ 73. Ke3 Ra1 74. Rg5+ e5 75. Rg4 Ra3+ 76.
Ke2 Ra2+ 77. Kf3 Rd2 78. Ke3 Rd1 79. Ke2 Rb1 80. Rh4 Rb2+ 81. Ke3 Rb3+ 82. Ke2 Rg3 83.
Kf2 Rg5 84. Ke3 Rg8 85. Ke2 Ra8 86. Ke3 Rc8 87. Kd3 Rc1 88. Ra4 Rd1+ 89. Ke3 Re1+ 90. Kd2 Rh1 91. Ke3 Rh3+ 92. Ke2 Rc3 93. Kd2 Rc5 94.
Ke3 Rc8 95. Ra5+ Ke6 96. Ra6+ Kf5 97. Ra4 Rc3+ 98. Ke2 Rg3 99. Rb4 Rg2+ 100. Ke3 Rg1 101. Ke2 Rc1 102. Ke3 Rc3+ 103. Ke2 Rc8 104. Ra4 Rd8 105. Rb4 Rf8 106. Ra4 Kg5 107. Rb4 Rf4 108. Rb8 Kf5 109. Rf8+ Ke4 110. Ra8 Kd5 111. Ra5+ Ke6 112. Ra6+ Kf5 113. Ra5 Rg4 114. Rb5 Rg2+ 115. Kf3 Ra2 116. Ke3 Ra3+ 117. Ke2 Kf4 118. Rb8 Ra2+ 119. Ke1 Ra3 120. Rb2 Re3+ 121. Kf2 Rf3+ 122. Ke2 Ra3 123. Rb4+ e4 124. Rb8 Ra2+ 125. Ke1 Kf3 126. Rf8+ Ke3 127. Kf1 Ra1+ 128. Kg2 Ke2 129. Re8 e3 130. Re7 Ra2 131. Kg3 Ra8 132. Kf4 Ra4+ 133. Kg3 Ra6 134. Kf4 Rf6+ 135. Kg3 Rf3+ 136. Kg2 Rf5 137. Kg3 Rf1 138. Kg2 Rf8 139. Ra7 Rd8 140. Ra2+ Rd2 141. Ra3 Ke1+ 142. Kf3 e2 143. Ra1+ Rd1 144. Ra3 Kf1 145. Ra2 e1=Q 146. Rh2 Qc3+ 147. Kg4 Rd4+ 148. Kf5 Qc5+ 0-1

[Event "Early-Titled-Tuesday-Blitz-February-13-2024"]
[Site "Chess.com"]
[Date "2024.02.13"]
[Round "2"]
[White "Fjal"]
[Black "HeroWilczek"]
[Result "0-1"]
[WhiteElo "2137"]
[BlackElo "2476"]
[TimeControl "180+1"]
[EndTime "8:14:41 PST"]
[Termination "HeroWilczek won by resignation"]

1. Nf3 Nf6 2. g3 b6 3. Bg2 Bb7 4. O-O d6 5. d4 Nbd7 6. c4 g6 7. Nc3 Bg7 8. Qc2 O-O 9. e4 e5 10. Re1 exd4 11. Nxd4 Re8 12. f3 Nxe4 13. Be3 Nxc3 14.
bxc3 Ne5 15. Qb3 c5 0-1

[Event "Early-Titled-Tuesday-Blitz-February-13-2024"]
[Site "Chess.com"]
[Date "2024.02.13"]
[Round "2"]
[White "Rurep26"]
[Black "PositionalPanther"]
[Result "1-0"]
[WhiteElo "2737"]
[BlackElo "2419"]
[TimeControl "180+1"]
[EndTime "8:14:43 PST"]
[Termination "Rurep26 won by resignation"]

1. d4 d5 2. Bf4 c5 3. e3 cxd4 4. exd4 Nc6 5. c3 Bf5 6. Qb3 Qc8 7. Nd2 e6 8. Ngf3 Nge7 9. h3 Ng6 10. Bh2 a6 11. g4 Be4 12. Nxe4 dxe4 13. Nd2 f5 14. Nc4 Be7 15. Nb6 Qd8 16. Nxa8 Qxa8 17. Qxe6 1-0

[Event "Early-Titled-Tuesday-Blitz-February-13-2024"]
[Site "Chess.com"]
[Date "2024.02.13"]
[Round "2"]
[White "miraitrunks"]
[Black "bitter-cikolata"]
[Result "0-1"]
[WhiteElo "2167"]
[BlackElo "2484"]
[TimeControl "180+1"]
[EndTime "8:14:45 PST"]
[Termination "bitter-cikolata won by resignation"]

1. e4 c5 2. c3 Nf6 3. e5 Nd5 4.
d4 cxd4 5. Nf3 e6 6. cxd4 d6 7. Bd3 Nc6 8. O-O Be7 9. Qe2 O-O 10. Nc3 Nxc3 11. bxc3 d5 12. a4 f5 13. exf6 Bxf6 14. Re1 Bd7 15. Ba3 Be7 16. Bxe7 Qxe7 17. Ne5 Nxe5 18. Qxe5 Rf6 19. Qxd5 Rxf2 20. Kxf2 Qh4+ 21. g3 Qxh2+ 22. Qg2 Rf8+ 0-1

[Event "Early-Titled-Tuesday-Blitz-February-13-2024"]
[Site "Chess.com"]
[Date "2024.02.13"]
[Round "2"]
[White "santosalberto1987"]
[Black "eagleclaw07"]
[Result "0-1"]
[WhiteElo "2570"]
[BlackElo "2809"]
[TimeControl "180+1"]
[EndTime "8:14:53 PST"]
[Termination "eagleclaw07 won by resignation"]

1. e4 Nf6 2. e5 Nd5 3. d4 d6 4. Bc4 Nb6 5. Bb3 dxe5 6. Qf3 e6 7.
dxe5 Nc6 8. Qg3 Na5 9. Nf3 Bd7 10. O-O Bc6 11. Nc3 Nxb3 12. axb3 Nd5 13. Rd1 Nxc3 14. Rxd8+ Rxd8 15. Bg5 Ne2+ 16. Kf1 Nxg3+ 17. hxg3 Be7 0-1

[Event "Early-Titled-Tuesday-Blitz-February-13-2024"]
[Site "Chess.com"]
[Date "2024.02.13"]
[Round "2"]
[White "Rozhkov_V"]
[Black "Vaibhavraut99"]
[Result "1/2-1/2"]
[WhiteElo "2389"]
[BlackElo "2668"]
[TimeControl "180+1"]
[EndTime "8:14:59 PST"]
[Termination "Game drawn by repetition"]

1. e4 c5 2. Nf3 Nc6 3. d4 cxd4 4. Nxd4 Nf6 5. Nc3 e5 6. Ndb5 d6 7. Bg5 a6 8. Na3 b5 9. Bxf6 gxf6 10. Nd5 Bg7 11. g3 O-O 12. Bg2 f5 13. exf5 Bxf5 14. Ne3 Bd7 15. O-O Qc7 16. Nd5 Qd8 17. Ne3 Qc7 18. Nd5 Qd8 19. Ne3 1/2-1/2

[Event "Early-Titled-Tuesday-Blitz-February-13-2024"]
[Site "Chess.com"]
[Date "2024.02.13"]
[Round "2"]
[White "xberli"]
[Black "ChessBliss09"]
[Result "0-1"]
[WhiteElo "2547"]
[BlackElo "2135"]
[TimeControl "180+1"]
[EndTime "8:15:07 PST"]
[Termination "ChessBliss09 won by resignation"]

1. d4 Nf6 2. c4 e6 3. Nc3 Bb4 4. a3 Bxc3+ 5. bxc3 d5 6. Bg5 O-O 7. e3 c5 8. cxd5 Qa5 9. Bd3 Qxc3+ 10. Kf1 Nxd5 11. Ne2 Qa5 12. dxc5 Qxc5 13. Bh4 Nc6 14. Bg3 Bd7 15. h4 Qe7 16. h5 Qf6 17. h6 Nxe3+ 0-1

[Event "Early-Titled-Tuesday-Blitz-February-13-2024"]
[Site "Chess.com"]
[Date "2024.02.13"]
[Round "2"]
[White "PolandHussars"]
[Black "Bauman_Guy"]
[Result "0-1"]
[WhiteElo "2602"]
[BlackElo "2881"]
[TimeControl "180+1"]
[EndTime "8:15:12 PST"]
[Termination "Bauman_Guy won by resignation"]

1. e4 c5 2. Ne2 d6 3. g3 g6 4. Bg2 Bg7 5. c3 Bg4 6. f3 Bd7 7. d4 Nf6 8. Be3 cxd4 9. cxd4 Nc6 10. Nbc3 O-O 11. O-O Rc8 12. Qd2 a6 13. h3 b5 14. b3 b4 15. Na4 a5 16. d5 Nb8 17.
Bb6 Qe8 18. Bxa5 Bxa4 19. bxa4 Na6 20. Qd3 Qxa4 21. Qxa6 Ra8 22. Qb7 Qxa5 23. Rfb1 Rfb8 24. Qxe7 Qb6+ 25. Kh2 Ra7 26. Rxb4 Rxe7 27. Rxb6 Rxb6 28. Rb1 Rxb1 0-1

[Event "Early-Titled-Tuesday-Blitz-February-13-2024"]
[Site "Chess.com"]
[Date "2024.02.13"]
[Round "2"]
[White "blitzking1729"]
[Black "esrosenberg"]
[Result "1-0"]
[WhiteElo "2710"]
[BlackElo "2410"]
[TimeControl "180+1"]
[EndTime "8:15:14 PST"]
[Termination "blitzking1729 won by resignation"]

1. c4 e6 2. Nf3 d5 3. e3 Nf6 4.
Nc3 c6 5. b3 Nbd7 6. Bb2 Bd6 7.
Be2 O-O 8. O-O b6 9. d4 Bb7 10. Qc2 Rc8 11. Rad1 Qc7 12. Rfe1 a6 13. h3 Rfd8 14. e4 dxe4 15. Nxe4 Nxe4 16. Qxe4 Nf6 17. Qc2 c5 18. d5 exd5 19. Bxf6 gxf6 20. cxd5 Be5 21.
Nxe5 fxe5 22. Bg4 Ra8 23. Qf5 Rxd5 24. Rxd5 Bxd5 25. Qg5+ Kh8 26. Qf6+ Kg8 27. Rxe5 1-0

[Event "Early-Titled-Tuesday-Blitz-February-13-2024"]
[Site "Chess.com"]
[Date "2024.02.13"]
[Round "2"]
[White "giovannibrandao7"]
[Black "SouS007"]
[Result "0-1"]
[WhiteElo "2228"]
[BlackElo "2499"]
[TimeControl "180+1"]
[EndTime "8:15:21 PST"]
[Termination "SouS007 won by resignation"]

1. e4 e6 2. d4 d5 3. Nd2 dxe4 4.
Nxe4 Bd7 5. Nf3 Bc6 6. Bd3 Nd7 7. O-O Ngf6 8. Nxf6+ Qxf6 9. Nd2 Qxd4 10. Qe2 Bd6 11. Nc4 Qd5 12. Nxd6+ cxd6 13. f3 O-O 14. Kh1 Qh5 15.
Bf4 Ne5 16. Rad1 Nxd3 17. Rxd3 Bb5 0-1

[Event "Early-Titled-Tuesday-Blitz-February-13-2024"]
[Site "Chess.com"]
[Date "2024.02.13"]
[Round "2"]
[White "AlexPapasimakopoulos"]
[Black "CFalcons8"]
[Result "1-0"]
[WhiteElo "2735"]
[BlackElo "2365"]
[TimeControl "180+1"]
[EndTime "8:15:36 PST"]
[Termination "AlexPapasimakopoulos won by resignation"]

1. d4 Nf6 2. c4 e6 3. Nc3 Bb4 4. Qc2 c5 5. dxc5 O-O 6. a3 Bxc5 7. Nf3 d6 8. Bg5 Nbd7 9. e3 h6 10. Bh4 a6 11. Be2 Qc7 12. O-O Re8 13. Rfd1 Ng4 14. Ne4 Nge5 15. Nxe5 Nxe5 16. b4 Ba7 17. Nxd6 Rf8 18.
Qe4 Ng6 19. Bg3 Qc6 20. Qxc6 bxc6 21. Bf3 Bd7 22. Nb7 1-0

[Event "Early-Titled-Tuesday-Blitz-February-13-2024"]
[Site "Chess.com"]
[Date "2024.02.13"]
[Round "2"]
[White "rachidhuilda"]
[Black "wqws"]
[Result "0-1"]
[WhiteElo "2320"]
[BlackElo "2637"]
[TimeControl "180+1"]
[EndTime "8:15:36 PST"]
[Termination "wqws won by resignation"]

1. d4 Nf6 2. Nf3 g6 3. e3 Bg7 4. Be2 O-O 5. O-O b6 6. c4 Bb7 7. Nc3 Ne4 8. Qc2 Nxc3 9. Qxc3 c5 10. Rd1 d6 11. Qc2 Nd7 12. b3 a5 13. a4 Qc7 14.
Bb2 e5 15. dxe5 Nxe5 16. Rd2 Nxf3+ 17. Bxf3 Bxb2 18. Bxb7 Bxa1 19. Bxa8 Rxa8 20. Qd1 Be5 21. f4 Bc3 22. Rxd6 Bd4 23. Rd5 Bxe3+ 24. Kh1 Qxf4 0-1

[Event "Early-Titled-Tuesday-Blitz-February-13-2024"]
[Site "Chess.com"]
[Date "2024.02.13"]
[Round "2"]
[White "ErikRonka"]
[Black "WiktoriaPOL"]
[Result "1-0"]
[WhiteElo "2516"]
[BlackElo "2269"]
[TimeControl "180+1"]
[EndTime "8:15:39 PST"]
[Termination "ErikRonka won by checkmate"]

1. e4 c5 2. Nf3 d6 3. d4 cxd4 4. Nxd4 Nf6 5. Nc3 a6 6. Nb3 e5 7. Bg5 Be7 8. Bxf6 Bxf6 9. Qd3 Be6 10. g3 O-O 11. O-O-O Be7 12. f4 Nc6 13. f5 Bd7 14. Nd5 Bg5+ 15. Kb1 Ne7 16. h4 Nxd5 17. hxg5 Nc7 18. Qd2 Bc6 19. Qh2 h6 20. f6 Bxe4 21. fxg7 Re8 22. Qxh6 Bxh1 23. Qh8# 1-0

[Event "Early-Titled-Tuesday-Blitz-February-13-2024"]
[Site "Chess.com"]
[Date "2024.02.13"]
[Round "2"]
[White "Juicy_Fork"]
[Black "gxbg2000"]
[Result "1-0"]
[WhiteElo "2449"]
[BlackElo "2078"]
[TimeControl "180+1"]
[EndTime "8:15:43 PST"]
[Termination "Juicy_Fork won by resignation"]

1. e4 e5 2. Nf3 Nc6 3. Bb5 d6 4. O-O Be7 5. d4 exd4 6. Nxd4 Bd7 7. Nc3 Nf6 8. Nd5 O-O 9. Nxe7+ Qxe7 10. Re1 h6 11.
Bf1 Nxd4 12. Qxd4 b6 13. e5 Ne8 14. Bf4 Rd8 15. exd6 Qf6 16. Be5 Qg6 17. dxc7 Nxc7 18. Bxc7 Bc6 19. Bxd8 1-0

[Event "Early-Titled-Tuesday-Blitz-February-13-2024"]
[Site "Chess.com"]
[Date "2024.02.13"]
[Round "2"]
[White "UnTucopalaTimba"]
[Black "DenLaz"]
[Result "0-1"]
[WhiteElo "1971"]
[BlackElo "3039"]
[TimeControl "180+1"]
[EndTime "8:15:55 PST"]
[Termination "DenLaz won by resignation"]

1. e4 c5 2. Nf3 e6 3. d4 cxd4 4. Nxd4 Nc6 5. Be3 Nf6 6. f3 d5 7.
Nxc6 bxc6 8. Nc3 Rb8 9. b3 Bb4 10. Bd2 Qa5 11. Na4 dxe4 12. c3 Bd6 13. fxe4 Nxe4 14.
Qe2 Nxd2 15. Qxd2 Be7 16. Be2 O-O 17. O-O Bb7 18. Bf3 Rbd8 19. Qf4 Ba6 20. Rfd1 Bb5 21. Qe3 Bxa4 22. bxa4 Bc5 0-1

[Event "Early-Titled-Tuesday-Blitz-February-13-2024"]
[Site "Chess.com"]
[Date "2024.02.13"]
[Round "2"]
[White "Elsa167"]
[Black "kushbhagat2009"]
[Result "1-0"]
[WhiteElo "2919"]
[BlackElo "2625"]
[TimeControl "180+1"]
[EndTime "8:15:57 PST"]
[Termination "Elsa167 won by resignation"]

1. e4 c5 2. b4 cxb4 3. d4 d5 4. exd5 Nf6 5. c4 bxc3 6. Nxc3 Nxd5 7. Nxd5 Qxd5 8. Nf3 Nc6 9. Be2 g6 10. Rb1 Bg7 11. Rb5 Qd7 12. d5 Ne5 13. Nxe5 Bxe5 14. Bh6 Bc3+ 15. Kf1 a6 16. Rc5 Bb4 17. Qd4 1-0

[Event "Early-Titled-Tuesday-Blitz-February-13-2024"]
[Site "Chess.com"]
[Date "2024.02.13"]
[Round "2"]
[White "Qingdom"]
[Black "GianmarcoVaR"]
[Result "0-1"]
[WhiteElo "2162"]
[BlackElo "2707"]
[TimeControl "180+1"]
[EndTime "8:16:13 PST"]
[Termination "GianmarcoVaR won by checkmate"]

1. d4 Nf6 2. Bg5 d5 3. e3 c5 4. c3 Nc6 5. Nd2 Bg4 6. Qb3 Qc7 7. h3 Bh5 8. Bxf6 gxf6 9. Qxd5 e5 10. dxe5 Rd8 11. Qb3 Rxd2 12. Kxd2 Nxe5 13. Bb5+ Ke7 14. f4 Qd6+ 15. Ke1 Nd3+ 16. Bxd3 Qxd3 17. Qxb7+ Ke6 18. Qc6+ Bd6 19. g4 Bg6 20. f5+ Ke7 21. fxg6 Bg3# 0-1

[Event "Early-Titled-Tuesday-Blitz-February-13-2024"]
[Site "Chess.com"]
[Date "2024.02.13"]
[Round "2"]
[White "ChessQueen"]
[Black "Rud_Makarian"]
[Result "1-0"]
[WhiteElo "2689"]
[BlackElo "3026"]
[TimeControl "180+1"]
[EndTime "8:16:19 PST"]
[Termination "ChessQueen won by resignation"]

1. e4 c5 2. c3 d5 3. exd5 Nf6 4. Bb5+ Nbd7 5. c4 a6 6. Bxd7+ Qxd7 7. Nf3 g6 8. O-O Bg7 9. Nc3 b5 10. d3 O-O 11. Qe2 Bb7 12. Ne4 Rac8 13. h3 Rfe8 14.
Ne5 Qd8 15. Ng5 Rf8 16. Bf4 Nd7 17. Nexf7 Rxf7 18. Qe6 Qb6 19. Qxf7+ Kh8 20. Qxe7 1-0

[Event "Early-Titled-Tuesday-Blitz-February-13-2024"]
[Site "Chess.com"]
[Date "2024.02.13"]
[Round "2"]
[White "FREDERICKtheMATE"]
[Black "agvania123"]
[Result "1-0"]
[WhiteElo "2647"]
[BlackElo "2355"]
[TimeControl "180+1"]
[EndTime "8:16:21 PST"]
[Termination "FREDERICKtheMATE won by resignation"]

1. Nf3 Nf6 2. d4 g6 3. c4 Bg7 4. Nc3 d5 5. Qb3 c6 6. cxd5 cxd5 7. Bg5 O-O 8. Bxf6 exf6 9. Qxd5 Qb6 10. Qb5 Qxb5 11. Nxb5 Nc6 12. e3 a6 13. Nd6 Rd8 14.
Nxc8 Raxc8 15. Bd3 Nb4 16. Kd2 Nxd3 17. Kxd3 b5 18.
Rhc1 f5 19. g3 Kf8 20. h4 h6 21. a4 b4 22. Nd2 Ke8 23. Nb3 Bf8 24. Rxc8 Rxc8 25.
Rc1 Rxc1 26. Nxc1 Kd7 27. Kc4 Kc6 28. b3 a5 29. Nd3 Bd6 30. Ne5+ Bxe5 31. dxe5 g5 32.
hxg5 hxg5 33. f4 g4 34. Kd4 Kd7 35. Kd5 Ke7 36. e4 fxe4 37. Kxe4 Ke6 38. f5+ Ke7 39. Kf4 1-0

[Event "Early-Titled-Tuesday-Blitz-February-13-2024"]
[Site "Chess.com"]
[Date "2024.02.13"]
[Round "2"]
[White "ChEsper99"]
[Black "LastHeroJr"]
[Result "1-0"]
[WhiteElo "2222"]
[BlackElo "2477"]
[TimeControl "180+1"]
[EndTime "8:16:26 PST"]
[Termination "ChEsper99 won by resignation"]

1. e4 c6 2. Nf3 d5 3. Nc3 dxe4 4. Nxe4 Nf6 5. Qe2 Nxe4 6. Qxe4 Nd7 7. d4 Nf6 8. Qe3 Bf5 9. Qb3 Qb6 10. Qxb6 axb6 11. c3 e6 12. g3 b5 13. Bd2 Be7 14. Bg2 b4 15. cxb4 Bd3 16. a3 Nd5 17. Ne5 Bb5 18. O-O-O f6 19. Nf3 Ba4 20. Rde1 b6 21. Rxe6 Kf7 22. Ree1 c5 23. dxc5 bxc5 24. Ng5+ fxg5 25.
Bxd5+ Kg6 26. Bxa8 cxb4 27. Rxe7 Rxa8 28. Bxb4 1-0

[Event "Early-Titled-Tuesday-Blitz-February-13-2024"]
[Site "Chess.com"]
[Date "2024.02.13"]
[Round "2"]
[White "sotochess"]
[Black "jero888"]
[Result "1-0"]
[WhiteElo "2540"]
[BlackElo "2314"]
[TimeControl "180+1"]
[EndTime "8:16:28 PST"]
[Termination "sotochess won by resignation"]

1. e4 c5 2. Nf3 d6 3. d4 cxd4 4. Nxd4 Nf6 5. f3 Nc6 6. c4 Qb6 7. Nc2 g6 8. Nc3 Bg7 9. Rb1 O-O 10. Be3 Qd8 11. Qd2 Be6 12. Be2 Rc8 13. O-O a6 14.
Rfc1 Ne5 15. b3 Re8 16. a4 a5 17. Bf1 Nc6 18. Nd5 Nd7 19. Kh1 Nc5 20. Rd1 f5 21.
Nf4 fxe4 22. Bxc5 1-0

[Event "Early-Titled-Tuesday-Blitz-February-13-2024"]
[Site "Chess.com"]
[Date "2024.02.13"]
[Round "2"]
[White "Tolyanius"]
[Black "agvega14"]
[Result "1-0"]
[WhiteElo "2488"]
[BlackElo "2187"]
[TimeControl "180+1"]
[EndTime "8:16:28 PST"]
[Termination "Tolyanius won by resignation"]

1. e4 c5 2. Nf3 a6 3. b4 d5 4. exd5 cxb4 5. a3 bxa3 6. Bxa3 Nf6 7. c4 g6 8. Nc3 Bg7 9. Be2 O-O 10. Qb3 Nbd7 11.
O-O Qc7 12. Bxe7 Re8 13. d6 Qc5 14. d4 Qf5 15. c5 Nh5 16. Bc4 Nf4 17. Nd5 Nxd5 18.
Bxd5 Rb8 19. Nh4 1-0

[Event "Early-Titled-Tuesday-Blitz-February-13-2024"]
[Site "Chess.com"]
[Date "2024.02.13"]
[Round "2"]
[White "Oleksandr_Bortnyk"]
[Black "Kildepiotr"]
[Result "1-0"]
[WhiteElo "3072"]
[BlackElo "2686"]
[TimeControl "180+1"]
[EndTime "8:16:30 PST"]
[Termination "Oleksandr_Bortnyk won by resignation"]

1. e4 e6 2. d4 d5 3. Nc3 Bb4 4. Qd3 dxe4 5. Qxe4 Nf6 6. Qh4 c5 7. dxc5 Nc6 8. Bd2 Bxc5 9. Nf3 a6 10. a3 b5 11. Bd3 Bb7 12. O-O Nd4 13. Nxd4 Qxd4 14.
Qg5 Qg4 15. h3 Qxg5 16. Bxg5 Ke7 17. Rfe1 h6 18. Bxf6+ Kxf6 19. Be4 Bd5 20. Bxd5 exd5 21. Nxd5+ Kf5 22. b4 Rad8 23. g4+ Kg5 24. Re5+ 1-0

[Event "Early-Titled-Tuesday-Blitz-February-13-2024"]
[Site "Chess.com"]
[Date "2024.02.13"]
[Round "2"]
[White "Leebit02"]
[Black "bascheyaro"]
[Result "0-1"]
[WhiteElo "2556"]
[BlackElo "2788"]
[TimeControl "180+1"]
[EndTime "8:16:38 PST"]
[Termination "bascheyaro won by resignation"]

1. d4 d5 2. c4 c6 3. Nf3 Nf6 4. e3 Bf5 5. Nc3 e6 6. Nh4 Be4 7. f3 Bg6 8. Qb3 Qb6 9. Bd2 Qxb3 10. axb3 Bc2 11. Na4 Nbd7 12. cxd5 g5 13. dxe6 fxe6 14.
Bc4 gxh4 15. Bxe6 Ke7 16. Bh3 Bxb3 17. e4 Be6 18. Bg5 Bxh3 19. gxh3 Ke6 20. Bxh4 Rg8 21. Kf2 Be7 22. Rad1 Nxe4+ 0-1

[Event "Early-Titled-Tuesday-Blitz-February-13-2024"]
[Site "Chess.com"]
[Date "2024.02.13"]
[Round "2"]
[White "KhazhatulyAlikhan"]
[Black "BursaBBSatranc"]
[Result "1-0"]
[WhiteElo "2426"]
[BlackElo "2696"]
[TimeControl "180+1"]
[EndTime "8:16:38 PST"]
[Termination "KhazhatulyAlikhan won by resignation"]

1. e4 e5 2. Nf3 Nf6 3. Nc3 Nc6 4. Bb5 Nd4 5. Bc4 Bc5 6. O-O d6 7. Nxd4 Bxd4 8. d3 O-O 9. Bg5 h6 10.
Bxf6 Qxf6 11. Nd5 Qd8 12. c3 Bb6 13. Nxb6 axb6 14. f4 exf4 15. Rxf4 Be6 16. Qb3 Qe7 17. Raf1 Rfe8 18. Rxf7 Bxc4 19. Qxc4 Qe6 20. Rf8+ 1-0

[Event "Early-Titled-Tuesday-Blitz-February-13-2024"]
[Site "Chess.com"]
[Date "2024.02.13"]
[Round "2"]
[White "Shield12"]
[Black "Titus369"]
[Result "1-0"]
[WhiteElo "3003"]
[BlackElo "2658"]
[TimeControl "180+1"]
[EndTime "8:16:43 PST"]
[Termination "Shield12 won by resignation"]

1. e4 c5 2. Nf3 d6 3. d4 cxd4 4. Nxd4 Nf6 5. Nc3 a6 6. a4 e6 7. Be2 Nbd7 8. O-O b6 9. f4 Bb7 10. Bf3 Qc7 11. Qe2 Be7 12. Bd2 Rc8 13. Rae1 Qb8 14.
e5 dxe5 15. fxe5 Bc5 16. Qf2 Bxf3 17. exf6 Bh5 18. fxg7 Rg8 19. b4 Bxd4 20. Qxd4 Qc7 21. Ne4 1-0

[Event "Early-Titled-Tuesday-Blitz-February-13-2024"]
[Site "Chess.com"]
[Date "2024.02.13"]
[Round "2"]
[White "Sanyura"]
[Black "kylelancman"]
[Result "0-1"]
[WhiteElo "2648"]
[BlackElo "2426"]
[TimeControl "180+1"]
[EndTime "8:16:44 PST"]
[Termination "kylelancman won by resignation"]

1. Nf3 c5 2. g3 Nc6 3. Bg2 e5 4.
d3 g6 5. O-O Bg7 6. e4 Nge7 7.
Nbd2 O-O 8. Nh4 d5 9. exd5 Nxd5 10. Nc4 Be6 11. a4 Rc8 12. c3 Qd7 13. Re1 Rfd8 14. a5 Nc7 15. Qa4 Qxd3 16. Ne3 Qb5 17. Nf3 Qxa4 18. Rxa4 Nd5 19. Ng5 Nxe3 20. Nxe6 Nxg2 21. Nxd8 Nxe1 22. Nxb7 Nd3 23. Be3 Nxb2 24. Ra2 Nc4 25.
Bxc5 N6xa5 0-1

[Event "Early-Titled-Tuesday-Blitz-February-13-2024"]
[Site "Chess.com"]
[Date "2024.02.13"]
[Round "2"]
[White "ajeale2"]
[Black "vaniavindy"]
[Result "1-0"]
[WhiteElo "2476"]
[BlackElo "2144"]
[TimeControl "180+1"]
[EndTime "8:16:46 PST"]
[Termination "ajeale2 won by checkmate"]

1. c4 e6 2. Nf3 d5 3. g3 Nf6 4. Bg2 c5 5. O-O Nc6 6. b3 d4 7. e3 Be7 8. d3 O-O 9. Bb2 e5 10.
Re1 Bg4 11. h3 Bh5 12. g4 Bg6 13. e4 h5 14. Nh4 hxg4 15. hxg4 Bh7 16. Bc1 Qd7 17. Nf5 Bxf5 18. exf5 Nh7 19. Nd2 Ng5 20.
Ne4 Nxe4 21. Bxe4 Bh4 22. g5 Qe7 23. Qg4 Bxg5 24. Bxg5 f6 25. Bd5+ Kh8 26. Qh5# 1-0

[Event "Early-Titled-Tuesday-Blitz-February-13-2024"]
[Site "Chess.com"]
[Date "2024.02.13"]
[Round "2"]
[White "Jospem"]
[Black "Korona_91"]
[Result "1-0"]
[WhiteElo "3051"]
[BlackElo "2674"]
[TimeControl "180+1"]
[EndTime "8:16:49 PST"]
[Termination "Jospem won by resignation"]

1. e4 e6 2. d4 d5 3. exd5 exd5 4.
Nf3 Nf6 5. h3 Bd6 6. Bd3 O-O 7.
O-O h6 8. Nc3 c6 9. Re1 Nbd7 10.
Be3 Re8 11. Qd2 Nf8 12. Bf4 Qc7 13. Bxd6 Qxd6 14. Rxe8 Nxe8 15. Re1 Be6 16. Ne2 Nf6 17. Ng3 Re8 18. Qa5 a6 19. Ne5 Bc8 20. Qd2 c5 21. c3 cxd4 22. cxd4 Ne6 23. Nf5 Qc7 24. Nxh6+ gxh6 25. Qxh6 Ne4 26. Bxe4 dxe4 27. Rxe4 Nxd4 28. Qg5+ Kf8 29.
Ng6+ fxg6 30. Qf6+ 1-0

[Event "Early-Titled-Tuesday-Blitz-February-13-2024"]
[Site "Chess.com"]
[Date "2024.02.13"]
[Round "2"]
[White "krasavetc"]
[Black "AryanTari"]
[Result "0-1"]
[WhiteElo "2628"]
[BlackElo "2925"]
[TimeControl "180+1"]
[EndTime "8:16:49 PST"]
[Termination "AryanTari won by resignation"]

1. e4 c6 2. d4 d5 3. exd5 cxd5 4. Bd3 Nf6 5. h3 Nc6 6. c3 g6 7. Nf3 Bf5 8. Be2 e6 9. O-O Bd6 10. Re1 h5 11. Bg5 Be7 12. Bb5 Nd7 13. Bxe7 Qxe7 14. Nbd2 g5 15. Ne5 Ndxe5 16. Rxe5 Kf8 17. Bxc6 bxc6 18.
Qe2 g4 19. Re1 Qf6 20. hxg4 hxg4 21. Nf1 Qh4 22. Ng3 Qh2+ 23. Kf1 Qh1+ 0-1

[Event "Early-Titled-Tuesday-Blitz-February-13-2024"]
[Site "Chess.com"]
[Date "2024.02.13"]
[Round "2"]
[White "Chandradi"]
[Black "Virgo15"]
[Result "0-1"]
[WhiteElo "2519"]
[BlackElo "2771"]
[TimeControl "180+1"]
[EndTime "8:16:49 PST"]
[Termination "Virgo15 won by resignation"]

1. c4 e6 2. g3 d5 3. Bg2 Nf6 4. Nf3 dxc4 5. Qa4+ Bd7 6. Qxc4 c5 7. Ne5 Qc8 8. O-O Nc6 9. Nxd7 Qxd7 10. d3 Rc8 11. Qc2 Be7 12. b3 Nd4 13. Qd2 O-O 14. Bb2 e5 15. Nc3 b6 16. Rfc1 Rfd8 17. Qd1 h5 18. h4 Ng4 19. Qd2 Qf5 20. e3 Nf3+ 21.
Bxf3 Qxf3 22. Nd1 Bxh4 23. gxh4 Qh3 24. d4 Rc6 25. f3 Rg6 26. Qg2 Qxh4 27. fxg4 Rxg4 28.
Nf2 Rxg2+ 29. Kxg2 exd4 30. Rh1 Qg5+ 0-1

[Event "Early-Titled-Tuesday-Blitz-February-13-2024"]
[Site "Chess.com"]
[Date "2024.02.13"]
[Round "2"]
[White "Seinw1"]
[Black "JEIGOTH"]
[Result "1-0"]
[WhiteElo "2476"]
[BlackElo "2148"]
[TimeControl "180+1"]
[EndTime "8:16:50 PST"]
[Termination "Seinw1 won by resignation"]

1. c4 c5 2. Nc3 Nc6 3. g3 g6 4.
Bg2 Bg7 5. a3 e6 6. b4 cxb4 7.
axb4 Nxb4 8. Ba3 Bf8 9. Qb3 Nc6 10. Nb5 d6 11. Qd3 Ne5 12. Qd4 Qb6 13. Qxb6 axb6 14. Nc7+ Kd7 15. Nxa8 Nxc4 16. d3 Nxa3 17. Rxa3 d5 18.
Nxb6+ Kc6 19. Rc3+ Kxb6 20. Rxc8 Nf6 21. Kd1 Ng4 22. Nh3 h5 23. Kc2 Ne5 24. Rb1+ Ka7 25. Rc7 1-0